 Dungeon Crawl Stone Soup version 0.21-a0-364-gbd1fde4 (webtiles) character file.

37 Hasart the Chiller (level 3, -5/21 HPs)
             Began as an Octopode Ice Elementalist on Oct 14, 2017.
             Slain by a gnoll
             ... wielding a +0 club
              (7 damage)
             ... on level 2 of the Dungeon.
             The game lasted 00:01:52 (845 turns).

Hasart the Chiller (Octopode Ice Elementalist)       Turns: 845, Time: 00:01:52

Health: -5/21      AC:  1    Str:  7    XL:     3   Next: 39%
Magic:  3/6        EV: 13    Int: 18    God:
Gold:   15         SH:  0    Dex: 12    Spells: 6/7 levels left

rFire    . . .     SeeInvis .   e - +0 spear
rCold    . . .     Gourm    .   (no shield)
rNeg     . . .     Faith    .   (helmet restricted)
rPois    .         Spirit   .   (no amulet)
rElec    .         Reflect  .   (no ring)
rCorr    .         Harm     .   (no ring)
MR       .....                  (no ring)
Stlth    +++.......             (no ring)
HPRegen  0.07/turn              (no ring)
MPRegen  0.10/turn              (no ring)
                                (no ring)
                                (no ring)

@: no status effects
A: almost no armour, stealthy swim, amphibious, 8 rings, constrict 8, camouflage
1, gelatinous body 1
a: no special abilities


You were on level 2 of the Dungeon.
You were not hungry.

You visited 1 branch of the dungeon, and saw 2 of its levels.

You collected 15 gold pieces.

Inventory:

Hand Weapons
 e - a +0 spear (weapon)
Scrolls
 d - 2 scrolls of noise {unknown}
 f - a scroll of teleportation {unknown}
Books
 a - a book of Frost

   Spells                             Type                      Level
   a - Freeze                         Ice                          1
   b - Throw Frost                    Conjuration/Ice              2
   c - Ozocubu's Armour               Charms/Ice                   3
   d - Throw Icicle                   Conjuration/Ice              4
   e - Summon Ice Beast               Ice/Summoning                4
Comestibles
 b - a bread ration
 c - a meat ration


   Skills:
 - Level 2.0 Dodging
 - Level 2.6 Stealth
 + Level 2.5 Spellcasting
   Level 1.0 Conjurations
 * Level 4.0 Ice Magic


You had 6 spell levels left.
You knew the following spells:

 Your Spells              Type           Power        Failure   Level  Hunger
a - Freeze                Ice            ###.         3%          1    #......


Dungeon Overview and Level Annotations

Branches:
Dungeon (2/15)

Altars:


Innate Abilities, Weirdness & Mutations

You cannot wear most types of armour.
You are very stealthy in the water. (Stealth+)
You are amphibious.
You can wear up to eight rings at the same time.
You can use your tentacles to constrict eight enemies at once.
Your skin changes colour to match your surroundings (Stealth+).
Your rubbery body absorbs attacks. (AC +1, EV +1)


Message History

Aiming: Freeze
Press: ? - help, Shift-Dir - straight line, f - bat
Aim: a bat You freeze the bat.
You kill the bat!
Your Ice Magic skill increases to level 4!
* * * LOW HITPOINT WARNING * * *
You feel sick.
You aren't carrying any potions.
The gnoll misses you.
You hit the gnoll. You grab the gnoll.
The gnoll is lightly wounded.
You constrict the gnoll.
You feel sick.
You are no longer poisoned.
The gnoll closely misses you.
You hit the gnoll.
The gnoll is moderately wounded.
You constrict the gnoll, but do no damage.
The gnoll hits you with a club!
You die...

#........#.........#.#....##..
#.............###..#.....g....
##..#.......(.......#.#.#...##.
#.....#.#...........#.#g#.....#
#####...#..#.#.(......g.g.....%
#......#.#.##..##.#g#.#...#
#.##.....#.##..##.#.###....
####.###'####g....#.. .....
###.##...@g†########......
#.........g.# .# #...##......#
# #...''......+ #...##......#
#...##.....)# #...#########
#...# ###<#


You could see 3 gnolls.

Vanquished Creatures
  2 adders (D:2)
  A dart slug (D:1)
  A ball python (D:1)
  5 bats
  2 giant cockroaches (D:1)
  A goblin (D:1)
  A hobgoblin (D:1)
  A quokka (D:2)
  3 frilled lizards (D:1)
  A kobold (D:2)
  A rat (D:1)
19 creatures vanquished.

Notes
Turn   | Place    | Note
-------+----------+-------------------------------------------
     0 | D:1      | Hasart the Octopode Ice Elementalist began the quest for the Orb.
     0 | D:1      | Reached XP level 1. HP: 11/11 MP: 3/3
   155 | D:1      | Reached XP level 2. HP: 13/17 MP: 0/5
   721 | D:2      | Reached XP level 3. HP: 19/21 MP: 2/6
   813 | D:2      | Found a faded altar of an unknown god.
   840 | D:2      | Reached skill level 4 in Ice Magic
   845 | D:2      | Slain by a gnoll

Vault maps used:
D:1:      dpeg_arrival_rooms_b, minmay_statues_item
D:2:      chequers_ecumenical_altar_simple_redux, uniq_robin, uniq_sigmund

Skill      XL: |  1  2  3 |
---------------+----------+-----
Ice Magic      | 4 |  4.0
Dodging        | |  2.0
Stealth        | |  2.6
Spellcasting   | |  2.5
Conjurations   | |  1.0

Action                   || total
-------------------------++-------
Melee: Unarmed           ||    22
       Constrict         ||    11
       Tentacles         ||     5
       Spear             ||    13
 Cast: Freeze            ||    20
 Stab: Sleeping          ||     5
Armor: Skin              ||    11
Dodge: Dodged            ||    71

Table legend:
 A = Spawn XP
 B = Non-spawn XP
 C = Spawn XP percentage of total XP
 D = Spawn monster count
 E = Non-spawn monster count
 F = Spawn count percentage of total count
 G = Total turns spent on level
                    A         B        C        D         E        F      G
               +---------+---------+-------+---------+---------+-------+---------
         Total |       0 |      53 |   0.0 |       0 |      19 |   0.0 |   845
               +---------+---------+-------+---------+---------+-------+---------
           D:1 |       0 |      22 |   0.0 |       0 |      13 |   0.0 |   699
           D:2 |       0 |      31 |   0.0 |       0 |       6 |   0.0 |   146
               +---------+---------+-------+---------+---------+-------+---------
